 Dungeon Sprint DCSS version 0.17.1-3-g152610e (webtiles) character file.

132372 Groucho the Naga Aeon (level 17, -47/164 HPs)
             Began as a Naga Fighter on Apr 22, 2016.
             Was the Champion of Cheibriados.
             Killed from afar by an orb of fire (108 damage)
             ... with a fireball
             ... in the Dungeon (Sprint V: "Ziggurat Sprint").
             The game lasted 00:22:54 (3054 turns).

Groucho the Naga Aeon (Naga Fighter)                Turns: 3054, Time: 00:22:55

Health: -47/164    AC: 46    Str: 48    XL:     17   Next: 12%
Magic:  1/35       EV: 29    Int: 22    God:    Cheibriados [******]
Gold:   0          SH: 38    Dex: 36    Spells: 0 memorised, 45 levels left

rFire  . . .     SeeInvis +     G - +14 obsidian axe {chop, +Fly Str+3 SInv *Curse} (curse)
rCold  + . .     Clarity  .     H - +15 Maxwell's patent armour {-Cast -Tele rElec MR+ rCorr}
rNeg   + + .     SustAt   .     I - +18 shield of the gong {rElec rN+ MR+ EV-5}
rPois  +         Gourm    .     T - +2 helmet of the Pirate {-Tele rElec Stlth+}
rElec  +         Spirit   .     E - +2 cloak of Starlight {rElec rC+ EV+4 Stlth--}
rCorr  +         Warding  +     U - +0 pair of gloves {Dex+3}
rMut   .         NoTele   +     (no barding)
MR     ++++.     NoCast   +     M - brooch of Shielding {Ward rN+ AC+4 EV+4}
Stlth  ..........               F - +6 ring of strength
                                B - +6 ring of dexterity

@: mesmerised, studying Long Blades, very slow, incredibly resistant to hostile
enchantments, extremely unstealthy
A: see invisible, deformed body, dopey 1, frail 1, poison resistance, slowness
2, slow metabolism 1, spit poison 2, constrict 1, AC +5
a: Spit Poison, Bend Time, Temporal Distortion, Slouch, Step From Time, Renounce
Religion, Evoke Flight


You were in the Dungeon.
You worshipped Cheibriados.
Cheibriados was exalted by your worship.
You were not hungry.

You visited 1 branch

Inventory:

Hand Weapons
 b - a +5 broad axe
 G - the cursed +14 obsidian axe (weapon) {chop, +Fly Str+3 SInv *Curse}
   (You found it in the Dungeon)

   It inflicts extra damage upon your enemies.
   It affects your strength (+3).
   It lets you see invisible.
   It lets you fly.
   It may re-curse itself when equipped.
   It has a curse placed upon it.
 J - the +10 halberd "Curyhog" {freeze, rPois rF+++ MR- Str+4}
   (You found it in the Dungeon)

   It has been specially enchanted to freeze those struck by it, causing extra
   injury to most foes and up to half again as much damage against particularly
   susceptible opponents.
   It can also slow down cold-blooded creatures.
   It affects your strength (+4).
   It renders you almost immune to fire.
   It protects you from poison.
   It affects your resistance to hostile enchantments.
 N - the +7 battleaxe of Vanity {flame, rF++ rN+}
   (You found it in the Dungeon)

   It has been specially enchanted to burn those struck by it, causing extra
   injury to most foes and up to half again as much damage against particularly
   susceptible opponents.
   Big, fiery blades are also staple armaments of hydra-hunters.
   It greatly protects you from fire.
   It protects you from negative energy.
 O - the +8 glaive "Nichaysch" {flame, rN+ MR+ Int+2}
   (You found it in the Dungeon)

   It has been specially enchanted to burn those struck by it, causing extra
   injury to most foes and up to half again as much damage against particularly
   susceptible opponents.
   Big, fiery blades are also staple armaments of hydra-hunters.
   It affects your intelligence (+2).
   It protects you from negative energy.
   It affects your resistance to hostile enchantments.
 R - the +9 short sword "Peopnih" {drain, rF+}
   (You took it off an orc in the Dungeon)

   A truly terrible weapon, it drains the life of those it strikes.
   It protects you from fire.
Missiles
 L - 18 javelins of penetration (quivered)
Armour
 a - a +5 gold dragon armour
 C - the +8 large shield "Geprann" {MR+ Str+2 Dex-5}
   (You found it in the Dungeon)

   It affects your strength (+2).
   It affects your dexterity (-5).
   It affects your resistance to hostile enchantments.
 E - the +2 cloak of Starlight (worn) {rElec rC+ EV+4 Stlth--}
   (You found it in the Dungeon)

   It affects your evasion (+4).
   It protects you from cold.
   It insulates you from electricity.
   It makes you much less stealthy.
 H - the +15 Maxwell's patent armour (worn) {-Cast -Tele rElec MR+ rCorr}
   (You found it in the Dungeon)

   It insulates you from electricity.
   It affects your resistance to hostile enchantments.
   It prevents spellcasting.
   It prevents most forms of teleportation.
   It protects you from acid and corrosion.
 I - the +18 shield of the gong (worn) {rElec rN+ MR+ EV-5}
   (You found it in the Dungeon)

   It affects your evasion (-5).
   It insulates you from electricity.
   It protects you from negative energy.
   It affects your resistance to hostile enchantments.
 T - the +2 helmet of the Pirate (worn) {-Tele rElec Stlth+}
   (You found it in the Dungeon)

   It insulates you from electricity.
   It prevents most forms of teleportation.
   It makes you more stealthy.
 U - a +0 pair of gloves of dexterity (worn)
 W - the -2 hat of the Alchemist {rElec rPois rF+ rC+ rN+ MR+ rMut rCorr}
   (You found it in the Dungeon)

   It protects you from fire.
   It protects you from cold.
   It insulates you from electricity.
   It protects you from poison.
   It protects you from negative energy.
   It affects your resistance to hostile enchantments.
   It protects you from acid and corrosion.
   It protects you from mutation.
Rods
 Y - a +4 lightning rod (13/13)
   (You took it off a deep elf annihilator in the Dungeon)
Jewellery
 z - the ring "Ishuck" {Str+2 Stlth-}
   (You found it in the Dungeon)

   [ring of loudness]

   It affects your strength (+2).
   It makes you less stealthy.
 B - a +6 ring of dexterity (left hand)
 D - an uncursed ring of protection from magic
 F - a +6 ring of strength (right hand)
 K - an uncursed ring of invisibility
 M - the brooch of Shielding (around neck) {Ward rN+ AC+4 EV+4}
   (You found it in the Dungeon)

   [amulet of warding]

   It may prevent the melee attacks of summoned creatures.
   It affects your AC (+4).
   It affects your evasion (+4).
   It protects you from negative energy.
 Q - a +4 ring of slaying
 V - a +2 ring of evasion
 Z - the amulet "Vipapp" {rC+ Regen+ Int-4 Dex+3}
   (You took it off a deep elf master archer in the Dungeon)

   [amulet of regeneration]

   It affects your intelligence (-4).
   It affects your dexterity (+3).
   It protects you from cold.
   It increases your rate of regeneration.
Wands
 w - a wand of disintegration (7)
 x - a wand of fire (3)
 y - a wand of cold (5)
Scrolls
 j - 4 scrolls of amnesia
 k - 4 scrolls of blinking
 l - 3 scrolls of recharging
 m - 7 scrolls of fog
 n - a scroll of holy word
 o - 5 scrolls of identify
 p - 4 scrolls of remove curse
 q - 2 scrolls of fear
 P - 4 scrolls of brand weapon
Potions
 d - 5 potions of might
 f - 10 potions of curing
 g - 5 potions of heal wounds
 i - 6 potions of magic
 r - 2 potions of brilliance
 s - 2 potions of invisibility
 t - 3 potions of resistance
 u - a potion of experience
 v - 4 potions of agility
Books
 S - a manual of Long Blades
Miscellaneous
 A - a phantom mirror
Comestibles
 c - 33 fruits
 e - 4 bread rations
 h - 4 meat rations


   Skills:
 * Level 19.6 Fighting
 * Level 19.5 Axes
 * Level 16.9 Armour
 * Level 16.4 Dodging
 * Level 16.9 Shields
 + Level 14.6 Spellcasting
 * Level 19.8 Invocations
 + Level 14.0 Evocations


You had 45 spell levels left.
You didn't know any spells.

Dungeon Overview and Level Annotations

Branches:
Dungeon (1/1)

Altars:
Ashenzari
Cheibriados
Dithmenos
Elyvilon
Fedhas
Gozag
Kikubaaqudgha
Makhleb
Nemelex Xobeh
Okawaru
Qazlal
Ru
Sif Muna
Trog
Vehumet
Xom
Yredelemnul
Zin
The Shining One
Beogh
Jiyva
Lugonu


Innate Abilities, Weirdness & Mutations

You cannot wear boots.
Your serpentine skin is tough (AC +5).
You have supernaturally acute eyesight.
Armour fits poorly on your strangely shaped body.
Your system is resistant to poisons.
You cover ground very slowly.
You have a slow metabolism.
You can spit poison.
You can use your snake-like lower body to constrict enemies.
You are dopey. (Int -2)
You are frail (-10% HP).


Message History

Cheibriados thoroughly appreciates the change of pace.
You feel somewhat more hungry.
Visions of slaying the fire giant flood into your mind.
The fire giant gestures at you while chanting.
The bolt of fire hits you!
You don't have enough magic at the moment.
Unknown command.
You don't have enough magic at the moment.
Unknown command.
You don't have enough magic at the moment.
Unknown command.
You don't have enough magic at the moment.
Unknown command.
A fire elemental comes into view.
The orb of fire glows deep purple.
The bolt of fire hits you!
The orb of fire emits a lurid red light.
The fireball explodes!
The fireball engulfs you!
Ouch! That really hurt!
You die...

▓......):
..........§E...▓........
.............†.▓........
...†).....C*....▓........
........†.......▓........
.....C..).......▓.......)
..▓.........▓.. ▓.......)
▓.▓.......▓.▓ ▓......)(
..▓.....@...▓...▓...▓..).
........†.......▓........
................▓........
▓▓▓▓▓▓▓▓▓▓▓▓▓▓▓▓▓........
▓▓▓▓▓▓▓▓▓ ▓......8©
▓...)[.|[ ▓...:)[))
▓..))}}|)


You could see an orb of fire, 2 fire giants and a fire elemental.

Vanquished Creatures
  2 orbs of fire (D)
  3 pearl dragons (D)
  4 deep elf blademasters (D)
  6 deep elf master archers (D)
  An acid blob (D)
  A shadow dragon (D)
  A storm dragon (D)
  3 daevas (D)
  An azure jelly (D)
  An orc warlord (D)
  A fire giant (D)
  3 deep elf sorcerers (D)
  3 angels (D)
  3 stone giants (D)
  2 very ugly things (D)
  2 spriggan defenders (D)
  7 apis (D)
  4 ophanim (D)
  5 deep elf annihilators (D)
  2 dire elephants (D)
  2 merfolk javelineers (D)
  5 death oozes (D)
  3 yaktaur captains (D)
  A great orb of eyes (D)
  4 vault guards (D)
  3 spriggan air magi (D)
  An anaconda (D)
  A satyr (D)
  An orc high priest (D)
  A hell hog (D)
  A deep elf knight (D)
  4 spriggan berserkers (D)
  A fire crab (shapeshifter) (D)
  2 small abominations (D)
  4 spriggan druids (D)
  5 cherubim (D)
  A giant orange brain (D)
  3 lindwurms (shapeshifter) (D)
  4 deep elf summoners (D)
  2 orc knights (D)
  A deep elf conjurer (D)
  A cyclops (D)
  A wolf spider (shapeshifter) (D)
  A black mamba (D)
  An ugly thing (D)
  3 shining eyes (D)
  An elephant (D)
  3 toenail golems (D)
  A spiny frog (shapeshifter) (D)
  A komodo dragon (D)
  An efreet (D)
  3 dryads (D)
  A yaktaur (shapeshifter) (D)
  A merfolk (shapeshifter) (D)
  2 yaktaurs (D)
  2 deep elf priests (D)
  5 fire drakes (D)
  5 merfolk (D)
  A queen bee (shapeshifter) (D)
  5 wind drakes (D)
  A blink frog (shapeshifter) (D)
  6 slime creatures (D)
  2 deep elf fighters (D)
  2 redbacks (shapeshifter) (D)
  2 golden eyes (D)
  11 air elementals (D)
  A hog (shapeshifter) (D)
  A yak (D)
  2 deep elf magi (D)
  2 neqoxecs (D)
  4 insubstantial wisps (D)
  5 hell hounds (D)
  3 water moccasins (D)
  A wolf (D)
  2 porcupines (D)
  2 orc warriors (D)
  An eye of draining (shapeshifter) (D)
  A sky beast (shapeshifter) (D)
  2 centaurs (D)
  An ogre (D)
  An eye of draining (D)
  2 crocodiles (D)
  5 earth elementals (D)
  6 jellies (D)
  A quasit (D)
  2 orc priests (D)
  2 orc wizards (D)
  A sheep (D)
  3 mummies (D)
  2 river rats (D)
  A giant eyeball (D)
  An ufetubus (D)
  5 oozes (D)
  An adder zombie (D)
  6 orcs (D)
  2 bat zombies (D)
  6 ball pythons (D)
  2 jackal zombies (D)
  2 butterflies (D)
  9 crawling corpses (D)
  2 fire vortices (D)
258 creatures vanquished.

Vanquished Creatures (collateral kills)
  A death ooze (D)
  5 vault guards (D)
  An air elemental (D)
  An earth elemental (D)
  An orc (D)
  A ball python (D)
10 creatures vanquished.

Grand Total: 268 creatures vanquished

Notes
Turn   | Place    | Note
--------------------------------------------------------------
     0 | D        | Groucho the Naga Fighter began the quest for the Orb.
     0 | D        | Reached XP level 1. HP: 21/21 MP: 1/1
    21 | D        | Became a worshipper of Cheibriados the Contemplative
    24 | D        | Found a radiant altar of Vehumet.
    24 | D        | Found an iron altar of Okawaru.
    24 | D        | Found a shimmering altar of Xom.
    26 | D        | Found a burning altar of Makhleb.
    35 | D        | Found a deep blue altar of Sif Muna.
    37 | D        | Found a corrupted altar of Lugonu.
    37 | D        | Found a white marble altar of Elyvilon.
    37 | D        | Found a roughly hewn altar of Beogh.
    37 | D        | Found a sparkling altar of Nemelex Xobeh.
    37 | D        | Found a viscous altar of Jiyva.
    37 | D        | Found a bloodstained altar of Trog.
   191 | D        | Entered arena 1.
   194 | D        | Reached skill level 1 in Invocations
   194 | D        | Reached XP level 2. HP: 25/28 MP: 1/3
   199 | D        | Reached skill level 1 in Dodging
   199 | D        | Reached skill level 1 in Spellcasting
   199 | D        | Reached XP level 3. HP: 31/36 MP: 1/4
   208 | D        | Got the +10 halberd "Curyhog" {freeze, rPois rF+++ MR- Str+4}
   333 | D        | Entered arena 2.
   333 | D        | Noticed a golden eye
   333 | D        | Noticed a jelly
   333 | D        | Noticed a jelly
   336 | D        | Killed a jelly
   336 | D        | Reached * piety under Cheibriados
   336 | D        | Reached skill level 4 in Fighting
   336 | D        | Reached XP level 4. HP: 40/44 MP: 4/6
   337 | D        | Killed a jelly
   337 | D        | Killed a golden eye
   337 | D        | Reached ** piety under Cheibriados
   337 | D        | Reached skill level 5 in Fighting
   337 | D        | Reached skill level 5 in Axes
   337 | D        | Reached skill level 5 in Invocations
   337 | D        | Reached XP level 5. HP: 46/55 MP: 4/9
   337 | D        | Reached XP level 6. HP: 51/62 MP: 4/10
   488 | D        | Entered arena 3.
   490 | D        | Reached *** piety under Cheibriados
   501 | D        | Entered arena 4.
   501 | D        | Noticed a hell hound
   501 | D        | Noticed a quasit
   505 | D        | Killed a hell hound
   505 | D        | Reached **** piety under Cheibriados
   505 | D        | Reached skill level 6 in Fighting
   505 | D        | Reached skill level 5 in Armour
   505 | D        | Reached skill level 5 in Shields
   509 | D        | Killed a quasit
   509 | D        | Reached ***** piety under Cheibriados
   528 | D        | Entered arena 5.
   638 | D        | Entered arena 6.
   638 | D        | Noticed a water moccasin
   638 | D        | Noticed a black mamba
   638 | D        | Noticed a water moccasin
   640 | D        | Killed a black mamba
   640 | D        | Reached ****** piety under Cheibriados
   640 | D        | Reached skill level 7 in Fighting
   640 | D        | Reached XP level 7. HP: 68/72 MP: 11/13
   642 | D        | Killed a water moccasin
   642 | D        | Reached XP level 8. HP: 75/80 MP: 11/14
   643 | D        | Killed a water moccasin
   775 | D        | Entered arena 7.
   775 | D        | Noticed a merfolk
   775 | D        | Noticed a merfolk
   775 | D        | Noticed a merfolk
   775 | D        | Noticed a merfolk
   775 | D        | Noticed a merfolk
   777 | D        | Killed a merfolk
   777 | D        | Killed a merfolk
   777 | D        | Reached skill level 8 in Fighting
   777 | D        | Reached skill level 5 in Dodging
   777 | D        | Killed a merfolk
   780 | D        | Killed a merfolk
   780 | D        | Reached XP level 9. HP: 75/90 MP: 5/16
   781 | D        | Killed a merfolk
   781 | D        | Reached skill level 5 in Spellcasting
   961 | D        | Entered arena 8.
   961 | D        | Noticed an orc priest
   961 | D        | Noticed an orc wizard
   961 | D        | Noticed an orc priest
   961 | D        | Noticed an orc warrior
   961 | D        | Noticed an orc warrior
   961 | D        | Noticed an orc wizard
   962 | D        | Killed an orc warrior
   962 | D        | Killed an orc wizard
   962 | D        | Killed an orc priest
   962 | D        | Killed an orc wizard
   962 | D        | Killed an orc priest
   962 | D        | Reached skill level 9 in Invocations
   968 | D        | Killed an orc warrior
   981 | D        | Entered arena 9.
   981 | D        | Noticed an insubstantial wisp
   981 | D        | Noticed an air elemental
   981 | D        | Noticed an air elemental
   981 | D        | Noticed an insubstantial wisp
   981 | D        | Noticed an air elemental
   981 | D        | Noticed an insubstantial wisp
   981 | D        | Noticed an air elemental
   981 | D        | Noticed an air elemental
   982 | D        | Killed an air elemental
   983 | D        | Killed an air elemental
   983 | D        | Killed an air elemental
   983 | D        | Killed an air elemental
   985 | D        | Killed an insubstantial wisp
   987 | D        | Killed an insubstantial wisp
   987 | D        | Killed an air elemental
   987 | D        | Reached XP level 10. HP: 97/99 MP: 18/18
   989 | D        | Killed an insubstantial wisp
   999 | D        | Got the +7 battleaxe of Vanity {flame, rF++ rN+}
  1002 | D        | Got the +8 glaive "Nichaysch" {flame, rN+ MR+ Int+2}
  1006 | D        | Entered arena 10.
  1006 | D        | Noticed an earth elemental
  1006 | D        | Noticed a toenail golem
  1006 | D        | Noticed a toenail golem
  1006 | D        | Noticed an earth elemental
  1006 | D        | Noticed a toenail golem
  1006 | D        | Noticed an earth elemental
  1006 | D        | Noticed an earth elemental
  1006 | D        | Noticed an earth elemental
  1006 | D        | Noticed an earth elemental
  1012 | D        | Killed a toenail golem
  1012 | D        | Killed a toenail golem
  1012 | D        | Reached skill level 10 in Invocations
  1012 | D        | Reached skill level 5 in Evocations
  1016 | D        | Killed a toenail golem
  1016 | D        | Killed an earth elemental
  1017 | D        | Killed an earth elemental
  1017 | D        | Reached skill level 10 in Fighting
  1018 | D        | Killed an earth elemental
  1019 | D        | Killed an earth elemental
  1020 | D        | Killed an earth elemental
  1022 | D        | Killed an earth elemental
  1080 | D        | Entered arena 11.
  1080 | D        | Noticed a shadow dragon
  1080 | D        | Noticed a vault guard
  1080 | D        | Noticed a vault guard
  1080 | D        | Noticed a vault guard
  1080 | D        | Noticed a vault guard
  1081 | D        | Noticed a vault guard
  1081 | D        | Noticed a vault guard
  1081 | D        | Noticed a vault guard
  1081 | D        | Noticed a vault guard
  1081 | D        | Noticed a vault guard
  1084 | D        | Killed a vault guard
  1084 | D        | Reached skill level 10 in Axes
  1089 | D        | Killed a shadow dragon
  1089 | D        | Reached skill level 11 in Invocations
  1089 | D        | Reached XP level 11. HP: 95/110 MP: 20/20
  1089 | D        | Killed a vault guard
  1090 | D        | Killed a vault guard
  1090 | D        | Killed a vault guard
  1090 | D        | Killed a vault guard
  1090 | D        | Killed a vault guard
  1092 | D        | Killed a vault guard
  1092 | D        | Reached skill level 12 in Invocations
  1096 | D        | Killed a vault guard
  1096 | D        | Reached skill level 10 in Shields
  1096 | D        | Killed a vault guard
  1096 | D        | Reached skill level 10 in Armour
  1138 | D        | Entered arena 12.
  1138 | D        | Noticed an orc knight
  1138 | D        | Noticed an orc warlord
  1138 | D        | Noticed a stone giant
  1139 | D        | Noticed an ogre
  1139 | D        | Noticed an orc knight
  1140 | D        | Killed an ogre
  1144 | D        | Killed an orc warlord
  1144 | D        | Reached XP level 12. HP: 122/122 MP: 18/23
  1150 | D        | Killed an orc knight
  1153 | D        | Killed a stone giant
  1154 | D        | Killed an orc knight
  1164 | D        | Got the +9 short sword "Peopnih" {drain, rF+}
  1182 | D        | Entered arena 13.
  1183 | D        | Noticed a wolf
  1183 | D        | Noticed a crocodile
  1183 | D        | Noticed an elephant
  1183 | D        | Noticed a komodo dragon
  1184 | D        | Noticed a porcupine
  1184 | D        | Noticed a crocodile
  1184 | D        | Noticed a yak
  1184 | D        | Noticed a fire drake
  1184 | D        | Noticed a porcupine
  1184 | D        | Noticed a water moccasin
  1185 | D        | Killed a crocodile
  1185 | D        | Killed a wolf
  1185 | D        | Killed a porcupine
  1185 | D        | Killed a crocodile
  1185 | D        | Killed a water moccasin
  1185 | D        | Killed a fire drake
  1185 | D        | Killed a porcupine
  1186 | D        | Killed a komodo dragon
  1186 | D        | Killed a yak
  1187 | D        | Killed an elephant
  1216 | D        | Entered arena 14.
  1217 | D        | Noticed a slime creature
  1217 | D        | Noticed a shining eye
  1217 | D        | Noticed a jelly
  1217 | D        | Noticed a death ooze
  1217 | D        | Noticed a giant orange brain
  1218 | D        | Killed a jelly
  1218 | D        | Gained mutation: You are dopey. (Int -2) [a shining eye]
  1219 | D        | Killed a death ooze
  1219 | D        | Reached skill level 10 in Dodging
  1220 | D        | Killed a slime creature
  1220 | D        | Killed a giant orange brain
  1221 | D        | Killed a shining eye
  1222 | D        | Noticed a death ooze
  1222 | D        | Noticed a great orb of eyes
  1222 | D        | Noticed an azure jelly
  1222 | D        | Noticed a jelly
  1222 | D        | Noticed a jelly
  1225 | D        | Killed a jelly
  1226 | D        | Killed a death ooze
  1227 | D        | Killed an azure jelly
  1227 | D        | Killed a jelly
  1227 | D        | Reached skill level 13 in Fighting
  1233 | D        | Killed a great orb of eyes
  1240 | D        | Got the ring "Ishuck" {Str+2 Stlth-}
  1533 | D        | Entered arena 15.
  1534 | D        | Noticed a spriggan air mage
  1534 | D        | Noticed a wind drake
  1534 | D        | Noticed an insubstantial wisp
  1534 | D        | Noticed an air elemental
  1534 | D        | Noticed an air elemental
  1534 | D        | Noticed a wind drake
  1534 | D        | Noticed an air elemental
  1534 | D        | Noticed a storm dragon
  1535 | D        | Noticed a wind drake
  1535 | D        | Noticed an air elemental
  1535 | D        | Noticed an air elemental
  1535 | D        | Noticed an air elemental
  1535 | D        | Noticed an air elemental
  1535 | D        | Killed an air elemental
  1535 | D        | Killed an air elemental
  1535 | D        | Killed an air elemental
  1535 | D        | Killed an air elemental
  1535 | D        | Killed a spriggan air mage
  1535 | D        | Gained mutation: You can use your snake-like lower body to constrict enemies. [Naga growth]
  1535 | D        | Reached XP level 13. HP: 124/131 MP: 26/26
  1535 | D        | Killed an air elemental
  1535 | D        | Killed an insubstantial wisp
  1535 | D        | Killed an air elemental
  1535 | D        | Killed an air elemental
  1536 | D        | Noticed a wind drake
  1536 | D        | Killed a wind drake
  1536 | D        | Killed a wind drake
  1536 | D        | Killed a wind drake
  1538 | D        | Killed a wind drake
  1541 | D        | Killed a storm dragon
  1541 | D        | Reached skill level 10 in Spellcasting
  1549 | D        | Got the +8 large shield "Geprann" {MR+ Str+2 Dex-5}
  1691 | D        | Entered arena 16.
  1694 | D        | Noticed a yaktaur
  1694 | D        | Noticed a stone giant
  1694 | D        | Noticed a yaktaur captain
  1694 | D        | Noticed a merfolk javelineer
  1694 | D        | Noticed a centaur
  1694 | D        | Noticed a yaktaur captain
  1694 | D        | Noticed a deep elf master archer
  1694 | D        | Noticed a yaktaur captain
  1694 | D        | Noticed a yaktaur
  1695 | D        | Noticed a centaur
  1695 | D        | Noticed a deep elf master archer
  1695 | D        | Noticed a deep elf master archer
  1695 | D        | Noticed a merfolk javelineer
  1695 | D        | Noticed a stone giant
  1695 | D        | Killed a centaur
  1695 | D        | Killed a centaur
  1695 | D        | Identified a +5 rod of the swarm (8/13)
  1695 | D        | Identified the +5 quarterstaff of Impiedyt {flame, rElec rF- MR+ Stlth-}
  1696 | D        | Noticed a cyclops
  1696 | D        | Killed a yaktaur
  1696 | D        | Killed a yaktaur
  1697 | D        | Killed a deep elf master archer
  1697 | D        | Killed a deep elf master archer
  1697 | D        | Killed a yaktaur captain
  1697 | D        | Killed a yaktaur captain
  1697 | D        | Killed a deep elf master archer
  1697 | D        | Reached skill level 14 in Fighting
  1697 | D        | Killed a merfolk javelineer
  1698 | D        | Killed a stone giant
  1698 | D        | Killed a stone giant
  1698 | D        | Killed a merfolk javelineer
  1698 | D        | Killed a yaktaur captain
  1702 | D        | Killed a cyclops
  1753 | D        | Entered arena 17.
  1756 | D        | Noticed a golden eye
  1756 | D        | Noticed a shining eye
  1756 | D        | Noticed a jelly
  1756 | D        | Noticed a slime creature
  1756 | D        | Noticed an eye of draining
  1756 | D        | Noticed a slime creature
  1756 | D        | Noticed a slime creature
  1756 | D        | Noticed a slime creature
  1757 | D        | Killed a jelly
  1757 | D        | Killed a golden eye
  1759 | D        | Killed a slime creature
  1759 | D        | Reached XP level 14. HP: 143/143 MP: 18/29
  1759 | D        | Killed a slime creature
  1759 | D        | Killed a slime creature
  1759 | D        | Killed a slime creature
  1759 | D        | Killed a shining eye
  1759 | D        | Reached skill level 10 in Evocations
  1761 | D        | Noticed a slime creature
  1761 | D        | Noticed a death ooze
  1761 | D        | Noticed a slime creature
  1761 | D        | Noticed a death ooze
  1761 | D        | Noticed a death ooze
  1761 | D        | Noticed an acid blob
  1761 | D        | Noticed a death ooze
  1762 | D        | Killed an eye of draining
  1764 | D        | Paralysed by a giant eyeball for 2 turns
  1766 | D        | Killed a death ooze
  1768 | D        | Killed an acid blob
  1768 | D        | Killed a death ooze
  1768 | D        | Killed a large slime creature
  1768 | D        | Killed a death ooze
  1770 | D        | Killed a death ooze
  1770 | D        | Reached skill level 15 in Fighting
  1771 | D        | Paralysed by a giant eyeball for 3 turns
  1915 | D        | Entered arena 18.
  1918 | D        | Noticed a blink frog
  1918 | D        | Noticed an eye of draining
  1918 | D        | Noticed a merfolk
  1918 | D        | Noticed a hippogriff
  1918 | D        | Noticed a shining eye
  1918 | D        | Noticed a snapping turtle
  1918 | D        | Noticed a fire crab
  1918 | D        | Noticed a cyan very ugly thing
  1918 | D        | Noticed a yaktaur
  1918 | D        | a merfolk changed into a lindwurm
  1918 | D        | a snapping turtle changed into a wolf spider
  1919 | D        | Noticed a neqoxec
  1919 | D        | Noticed an elephant
  1919 | D        | Noticed a boulder beetle
  1919 | D        | Noticed a brown ugly thing
  1919 | D        | Noticed a neqoxec
  1919 | D        | Noticed a purple very ugly thing
  1919 | D        | Killed a blink frog
  1919 | D        | a hippogriff changed into a soldier ant
  1919 | D        | Gained mutation: You are frail (-10% HP). [a neqoxec]
  1920 | D        | Noticed a torpor snail
  1920 | D        | Killed a neqoxec
  1920 | D        | Killed a neqoxec
  1920 | D        | Reached skill level 15 in Axes
  1920 | D        | an elephant changed into a lindwurm
  1920 | D        | a boulder beetle changed into a lindwurm
  1921 | D        | Noticed a hog
  1921 | D        | Killed a yaktaur
  1921 | D        | Killed a fire crab
  1921 | D        | Killed a hog
  1921 | D        | a torpor snail changed into a wolf spider
  1922 | D        | Killed a cyan very ugly thing
  1922 | D        | Killed a purple ugly thing
  1923 | D        | Killed a shining eye
  1923 | D        | Killed a purple very ugly thing
  1923 | D        | Killed an eye of draining
  1936 | D        | Got the +2 helmet of the Pirate {-Tele rElec Stlth+}
  2243 | D        | Entered arena 19.
  2248 | D        | Noticed a spriggan berserker
  2248 | D        | Noticed a spriggan berserker
  2248 | D        | Noticed a dryad
  2248 | D        | Noticed a dryad
  2248 | D        | Noticed a spriggan druid
  2248 | D        | Noticed a spriggan defender
  2248 | D        | Noticed a wind drake
  2248 | D        | Noticed an anaconda
  2248 | D        | Noticed a spriggan druid
  2248 | D        | Noticed a spriggan druid
  2249 | D        | Noticed a satyr
  2249 | D        | Noticed a spriggan defender
  2249 | D        | Noticed a dryad
  2249 | D        | Noticed a spriggan berserker
  2249 | D        | Noticed a spriggan air mage
  2249 | D        | Noticed a spriggan berserker
  2249 | D        | Noticed a dire elephant
  2249 | D        | Noticed a spriggan druid
  2249 | D        | Noticed a spriggan air mage
  2249 | D        | Killed a spriggan druid
  2249 | D        | Killed a spriggan berserker
  2249 | D        | Killed a spriggan air mage
  2249 | D        | Reached skill level 15 in Invocations
  2249 | D        | Killed a spriggan druid
  2249 | D        | Killed a spriggan air mage
  2249 | D        | Killed a spriggan druid
  2249 | D        | Killed a spriggan druid
  2249 | D        | Killed a spriggan berserker
  2250 | D        | Killed a spriggan defender
  2250 | D        | Killed a dryad
  2250 | D        | Killed a spriggan berserker
  2250 | D        | Killed a spriggan defender
  2250 | D        | Killed an anaconda
  2250 | D        | Killed a dryad
  2250 | D        | Reached skill level 16 in Fighting
  2250 | D        | Killed a spriggan berserker
  2250 | D        | Killed a dryad
  2251 | D        | Noticed a dire elephant
  2251 | D        | Killed a wind drake
  2251 | D        | Killed a satyr
  2251 | D        | Reached XP level 15. HP: 136/139 MP: 16/31
  2259 | D        | Killed a dire elephant
  2260 | D        | Killed a dire elephant
  2273 | D        | Got the ring "Ojaomel" {Fire *Contam rElec Str+4}
  2400 | D        | Entered arena 20.
  2407 | D        | Noticed an ophan
  2407 | D        | Noticed an apis
  2407 | D        | Noticed a daeva
  2408 | D        | Noticed a cherub
  2408 | D        | Noticed a cherub
  2408 | D        | Noticed an apis
  2408 | D        | Noticed an ophan
  2408 | D        | Noticed a pearl dragon
  2408 | D        | Noticed an apis
  2408 | D        | Noticed a cherub
  2408 | D        | Noticed an ophan
  2408 | D        | Noticed a pearl dragon
  2408 | D        | Noticed an angel
  2408 | D        | Noticed an apis
  2408 | D        | Noticed a daeva
  2408 | D        | Noticed an apis
  2409 | D        | Noticed an ophan
  2409 | D        | Noticed a pearl dragon
  2409 | D        | Noticed an angel
  2410 | D        | Noticed an apis
  2412 | D        | Noticed a daeva
  2412 | D        | Killed an ophan
  2412 | D        | Killed an apis
  2412 | D        | Killed an angel
  2412 | D        | Killed a cherub
  2413 | D        | Noticed an angel
  2413 | D        | Noticed an apis
  2413 | D        | Noticed a cherub
  2413 | D        | Noticed a cherub
  2413 | D        | Killed a daeva
  2413 | D        | Killed an ophan
  2413 | D        | Killed a pearl dragon
  2413 | D        | Killed an ophan
  2414 | D        | Killed an apis
  2414 | D        | Killed a cherub
  2414 | D        | Killed an apis
  2414 | D        | Killed a cherub
  2414 | D        | Killed an apis
  2414 | D        | Killed an apis
  2414 | D        | Killed an angel
  2414 | D        | Reached skill level 17 in Fighting
  2414 | D        | Killed an apis
  2422 | D        | Killed a daeva
  2424 | D        | Killed a pearl dragon
  2424 | D        | Killed a cherub
  2424 | D        | Killed a cherub
  2426 | D        | Killed an ophan
  2426 | D        | Killed a daeva
  2426 | D        | Reached skill level 15 in Armour
  2426 | D        | Reached skill level 15 in Shields
  2426 | D        | Killed an angel
  2426 | D        | Killed a pearl dragon
  2427 | D        | Killed an apis
  2427 | D        | Reached XP level 16. HP: 29/153 MP: 17/33
  2935 | D        | Entered arena 21.
  2939 | D        | Noticed a deep elf annihilator
  2939 | D        | Noticed a deep elf summoner
  2939 | D        | Noticed a deep elf knight
  2939 | D        | Noticed a deep elf annihilator
  2939 | D        | Noticed a deep elf master archer
  2939 | D        | Noticed a deep elf mage
  2939 | D        | Noticed a deep elf blademaster
  2939 | D        | Noticed a deep elf blademaster
  2939 | D        | Noticed a deep elf master archer
  2939 | D        | Noticed a deep elf sorcerer
  2939 | D        | Noticed a deep elf master archer
  2940 | D        | Noticed a deep elf summoner
  2940 | D        | Noticed a spiny frog
  2940 | D        | Noticed a deep elf summoner
  2940 | D        | Killed a deep elf knight
  2941 | D        | Noticed a deep elf fighter
  2941 | D        | Noticed a deep elf sorcerer
  2941 | D        | Noticed a deep elf annihilator
  2941 | D        | Noticed a deep elf blademaster
  2941 | D        | Noticed a deep elf annihilator
  2941 | D        | Noticed a deep elf blademaster
  2941 | D        | Killed a deep elf summoner
  2941 | D        | Killed a deep elf summoner
  2941 | D        | Killed a deep elf summoner
  2942 | D        | Noticed a deep elf summoner
  2942 | D        | Killed a deep elf blademaster
  2942 | D        | Killed a deep elf master archer
  2942 | D        | Killed a deep elf blademaster
  2942 | D        | Reached skill level 18 in Fighting
  2942 | D        | Reached skill level 15 in Dodging
  2942 | D        | Killed a deep elf annihilator
  2942 | D        | Killed a deep elf annihilator
  2942 | D        | Killed a deep elf master archer
  2942 | D        | Killed a deep elf master archer
  2942 | D        | Killed a deep elf mage
  2942 | D        | Killed a deep elf sorcerer
  2942 | D        | Killed a deep elf fighter
  2943 | D        | Noticed an orc high priest
  2943 | D        | Noticed a deep elf annihilator
  2943 | D        | Noticed a deep elf mage
  2943 | D        | Noticed a deep elf priest
  2943 | D        | Killed a deep elf blademaster
  2943 | D        | Killed a deep elf annihilator
  2943 | D        | Killed a deep elf annihilator
  2943 | D        | Killed a deep elf blademaster
  2943 | D        | Killed a deep elf sorcerer
  2943 | D        | Killed a deep elf summoner
  2943 | D        | Killed a deep elf mage
  2943 | D        | Killed a spiny frog
  2944 | D        | Noticed a deep elf priest
  2944 | D        | Noticed a deep elf fighter
  2944 | D        | Noticed a deep elf conjurer
  2944 | D        | Killed a deep elf priest
  2945 | D        | Killed a deep elf fighter
  2945 | D        | Killed a deep elf annihilator
  2945 | D        | Killed a deep elf conjurer
  2945 | D        | Killed an orc high priest
  2945 | D        | Killed a deep elf priest
  2949 | D        | Reached skill level 19 in Invocations
  2952 | D        | Noticed a deep elf sorcerer
  2957 | D        | Killed a deep elf sorcerer
  2972 | D        | Got the amulet "Vipapp" {rC+ Regen+ Int-4 Dex+3}
  3040 | D        | Entered arena 22.
  3040 | D        | Noticed a hell hound
  3040 | D        | Noticed a hell hound
  3042 | D        | Killed a hell hound
  3045 | D        | Killed a hell hound
  3047 | D        | Noticed a hell hound
  3047 | D        | Noticed a hell hound
  3047 | D        | Noticed an orb of fire
  3047 | D        | Noticed a fire drake
  3047 | D        | Killed a hell hound
  3047 | D        | Killed a fire drake
  3047 | D        | Killed a hell hound
  3048 | D        | Noticed an orb of fire
  3049 | D        | Noticed a fire drake
  3049 | D        | Noticed a fire giant
  3049 | D        | Noticed a hell hog
  3049 | D        | Noticed a fire drake
  3049 | D        | Killed a fire drake
  3050 | D        | Killed an orb of fire
  3050 | D        | Killed a fire drake
  3050 | D        | Killed a hell hog
  3051 | D        | Noticed a fire giant
  3051 | D        | Noticed a fire giant
  3051 | D        | Noticed an efreet
  3051 | D        | Killed an orb of fire
  3051 | D        | Reached XP level 17. HP: 162/164 MP: 14/35
  3052 | D        | Killed a fire giant
  3052 | D        | Killed an efreet
  3053 | D        | Noticed a fire drake
  3053 | D        | Noticed an orb of fire
  3053 | D        | Killed a fire drake
  3054 | D        | Noticed a fire elemental
  3054 | D        | Killed from afar by an orb of fire

Action                   |  1- 3 |  4- 6 |  7- 9 | 10-12 | 13-15 | 16-18 || total
-------------------------+-------+-------+-------+-------+-------+-------++-------
Melee: Broad axe         |     9 |    18 |    15 |    54 |    29 |     9 ||   134
Invok: Slouch            |       |       |     3 |     8 |    24 |    15 ||    50
       Temporal Distorti |       |       |       |       |     3 |       ||     3
       Bend Time         |       |       |       |       |     1 |       ||     1
Evoke: Wand              |       |       |       |       |     2 |       ||     2
  Use: Scroll            |       |       |       |     1 |     1 |       ||     2
       Potion            |       |       |       |       |    11 |       ||    11
 Stab: Distracted        |       |       |       |     5 |     1 |       ||     6
  Eat: Fruit             |       |       |       |     1 |     2 |     6 ||     9
       Bread ration      |       |       |       |       |     1 |       ||     1
